 Dungeon Crawl Stone Soup version 0.26-a0-30-g56b8cd3df0 (webtiles) character file.

Game seed: 4792928557515255019, levelgen mode: deterministic

119 gruber the Ruffian (level 4, 0/37 HPs)
             Began as a Draconian Transmuter on June 1, 2020.
             Slain by a crimson imp
             ... wielding a +0 hand axe
              (1 damage)
             ... on level 2 of the Dungeon.
             The game lasted 00:02:12 (1750 turns).

gruber the Ruffian (Draconian Transmuter)           Turns: 1750, Time: 00:02:12

Health: 0/37       AC:  5    Str: 12    XL:     4   Next: 73%
Magic:  2/7        EV: 12    Int: 15    God:
Gold:   23         SH:  0    Dex: 11    Spells: 1/7 levels left

rFire    . . .     SeeInvis .     - Unarmed
rCold    . . .     Gourm    .   (no shield)
rNeg     . . .     Faith    .   (armour unavailable)
rPois    .         Spirit   .   (helmet restricted)
rElec    .         Reflect  .   (no cloak)
rCorr    .         Harm     .   (no gloves)
MR       .....                  (no boots)
Stlth    +.........             (no amulet)
HPRegen  0.12/turn              (no ring)
MPRegen  0.10/turn              (no ring)

@: lethally poisoned (0 -> -1), slowed, very slow
A: unfitting armour, cold-blooded, AC +5
a: no special abilities


You were on level 2 of the Dungeon.
You were not hungry.

You visited 1 branch of the dungeon, and saw 2 of its levels.

You collected 23 gold pieces.

Inventory:

Missiles
 a - 40 arrows
 i - 18 poisoned darts (quivered)
Jewellery
 j - an uncursed ring of magical power {unknown}
Scrolls
 e - 2 scrolls of teleportation {unknown}
 g - a scroll of random uselessness {unknown}
 h - 2 scrolls of remove curse {unknown}
Potions
 f - a potion of lignification {unknown}
Comestibles
 c - 4 rations


   Skills:
 * Level 2.6 Fighting
 - Level 1.7 Dodging
 - Level 5.0 Unarmed Combat
 - Level 2.0 Spellcasting
 - Level 2.0 Transmutations


You had one spell level left.
You knew the following spells:

 Your Spells              Type           Power        Failure   Level  Hunger
a - Beastly Appendage     Tmut           #.....       10%         1    #......
b - Sticks to Snakes      Tmut           #.......     14%         2    ###....
c - Spider Form           Tmut/Pois      #.........   41%         3    ###....

Your spell library contained the following spells:

 Spells                   Type           Power        Failure   Level  Hunger
 Ice Form                 Ice/Tmut       #.......     82%         4    #####..
 Blade Hands              Tmut           #.........   95%         5    ######.


Dungeon Overview and Level Annotations

Branches:
Dungeon (2/15)

Altars:


Innate Abilities, Weirdness & Mutations

Your plain brown scales are hard. (AC +5)
You cannot fit into any form of body armour.
You are cold-blooded and may be slowed by cold attacks.


Message History

Your adder closely misses the crimson imp.
Unknown command.
Unknown command.
* * * LOW HITPOINT WARNING * * *
You feel sick.
Your adder barely misses the crimson imp.
The crimson imp barely misses you.
The crimson imp hits your adder with a +0 hand axe.
Your adder withers and dies!
* * * LOW HITPOINT WARNING * * *
You feel sick.
You see here a ration.
You hit the crimson imp.
The crimson imp is lightly wounded.
The crimson imp hits you with a +0 hand axe.
* * * LOW HITPOINT WARNING * * *
The crimson imp hits you but does no damage.
The crimson imp puffs mist at you.
The crimson imp hits you with a +0 hand axe.
You die...

...... .# ####.##
#.#..##.# #......
#.##.#.. ##.#....
#.##...###..#....
##.##.##..........
#....$.#.##.##....
#....†.#.#.†.....#
#%5.(.(..†.(.#####
#@........##..#
#......#### #.#
#(.....# .#
##.#.### .. #.#.#
#.. #.#.# .. #...#
##


You could see a crimson imp.

Vanquished Creatures
  A howler monkey (D:2)
  3 adders (D:2)
  4 dart slugs
  A leopard gecko (D:1)
  A ball python (D:1)
  2 giant cockroaches (D:2)
  6 goblins
  6 hobgoblins
  4 jackals (D:1)
  3 kobolds (D:2)
  7 bats
  3 frilled lizards
  5 rats
46 creatures vanquished.

Notes
Turn   | Place    | Note
-------+----------+-------------------------------------------
     0 | D:1      | gruber the Draconian Transmuter began the quest for the
                  | Orb.
     0 | D:1      | Reached XP level 1. HP: 16/16 MP: 3/3
   134 | D:1      | Reached XP level 2. HP: 19/23 MP: 3/5
   560 | D:1      | Reached skill level 4 in Unarmed Combat
   961 | D:2      | Reached XP level 3. HP: 28/28 MP: 4/6
  1506 | D:2      | Reached skill level 5 in Unarmed Combat
  1506 | D:2      | Reached XP level 4. HP: 33/35 MP: 5/7
  1569 | D:2      | Learned a level 2 spell: Sticks to Snakes
  1573 | D:2      | Learned a level 3 spell: Spider Form
  1749 | D:2      | HP: 1/37 [crimson imp/+0 hand axe (1)]
  1750 | D:2      | Slain by a crimson imp

Illustrated notes

Levels and vault maps discovered:
D:1:      minmay_arrival_shoal_huts, layout_basic
D:2:      layout_rooms, first_ration

Skill      XL: |  1  2  3  4 |
---------------+-------------+-----
Unarmed Combat | 4 5 |  5.0
Fighting       | 2 |  2.6
Dodging        | |  1.7
Spellcasting   | |  2.0
Transmutations | |  2.0

Action                   |  1- 3 |  4- 6 || total
-------------------------+-------+-------++-------
Melee: Unarmed           |   100 |    28 ||   128
       Tailslap          |     5 |     2 ||     7
       Headbutt          |     5 |       ||     5
       Kick              |     7 |     1 ||     8
       Punch             |     2 |       ||     2
Throw: Dart              |       |     2 ||     2
 Cast: Beastly Appendage |    13 |     3 ||    16
       Sticks to Snakes  |       |     5 ||     5
  Use: Potion            |       |     1 ||     1
 Stab: Sleeping          |     2 |       ||     2
       Distracted        |     1 |       ||     1
  Eat: Chunk             |     2 |     1 ||     3
Armor: Skin              |    30 |     7 ||    37
Dodge: Dodged            |    60 |    20 ||    80

Table legend:
 A = Non-vault XP
 B = Vault XP
 C = Vault XP percentage of total XP
 D = Non-vault monster count
 E = Vault monster count
 F = Vault count percentage of total count
                 A         B        C        D         E       F
            +---------+---------+-------+---------+---------+-------
      Total |     170 |       0 |   0.0 |      46 |       0 |   0.0
            +---------+---------+-------+---------+---------+-------
        D:1 |      40 |       0 |   0.0 |      22 |       0 |   0.0
        D:2 |     130 |       0 |   0.0 |      24 |       0 |   0.0
            +---------+---------+-------+---------+---------+-------
